 Dungeon Crawl Stone Soup version 0.29-a0-11-ga75d3d97ab (webtiles) character file.

Game seed: 14712197581221998940

1749 dracfodder the Chopper (level 9, -5/81 HPs)
             Began as a Gargoyle Berserker on Jan 28, 2022.
             Was a Priest of Trog.
             Slain by a black bear (6 damage)
             ... on level 6 of the Dungeon.
             The game lasted 00:31:27 (7087 turns).

dracfodder the Chopper (Gargoyle Berserker)         Turns: 7087, Time: 00:31:27

Health: -5/81      AC: 14    Str: 27    XL:     9   Next: 6%
Magic:  0/9        EV: 11    Int:  8    God:    Trog [***...]
Gold:   240        SH:  0    Dex:  9    Spells: 8/8 levels left

rFire   . . .      SeeInvis .   a - +0 hand axe
rCold   + . .      Faith    .   (no shield)
rNeg    + . .      Spirit   +   j - +1 scale mail
rPois   ∞          Reflect  .   (no helmet)
rElec   +          Harm     .   (no cloak)
rCorr   +          Rampage  .   (no gloves)
Will    ++...                   (no boots)
Stlth   ..........              z - amulet of guardian spirit
HPRegen 1.23/turn               o - ring of protection from cold
MPRegen 0.11/turn               l - ring of resist corrosion

@: berserking, strong-willed, regenerating, very quick
A: sickness immunity, AC +6, negative energy resistance 1, electricity
resistance, torment resistance 1, petrification resistance, talons 1,
deterioration 1, strong 1
a: Renounce Religion, Berserk, Trog's Hand


You were on level 6 of the Dungeon.
You worshipped Trog.
Trog was most pleased with you.
You visited 2 branches of the dungeon, and saw 8 of its levels.
You also visited: Sewer.

You collected 240 gold pieces.

Inventory:

Hand Weapons
 a - a +0 hand axe (weapon)
 b - a +1 hunting sling
 c - a +0 trident
 r - a +0 flail
Missiles
 d - 28 sling bullets
 e - 163 stones
 f - 19 poisoned darts (quivered)
 m - 67 bolts
 p - 3 boomerangs
 s - 3 curare-tipped darts
 C - 80 arrows
Armour
 j - a +1 scale mail (worn)
Jewellery
 l - a ring of resist corrosion (right hand)
 o - a ring of protection from cold (left hand)
 z - an amulet of guardian spirit (around neck)
Wands
 u - a wand of flame (25)
 w - a wand of paralysis (5)
Scrolls
 h - 9 scrolls of identify
 i - 2 scrolls of magic mapping
 n - a scroll of enchant weapon
Potions
 g - a potion of haste
 k - a potion of might
 q - 2 potions of resistance
 t - a potion of cancellation
 v - a potion of magic
 x - a potion of mutation
 B - 2 potions of heal wounds {unknown}
 D - a potion of flight {unknown}


   Skills:
 + Level 5.3 Fighting
 * Level 7.7 Axes
 + Level 3.4(3.6) Slings
 + Level 1.3(2.6) Throwing
 + Level 5.0 Armour
 + Level 3.1 Dodging
 + Level 0.6 Stealth
 + Level 0.1 Evocations


You had 8 spell levels left.
You didn't know any spells.
Your spell library was empty.

Dungeon Overview and Level Annotations

Branches:
Dungeon (7/15)             Temple (1/1) D:6           Sewer (visited)

Altars:
Cheibriados
Dithmenos
Elyvilon
Fedhas
Hepliaklqana
Kikubaaqudgha
Makhleb
Nemelex Xobeh
Ru
Sif Muna
Uskayaw
Vehumet
Wu Jian
Xom
Yredelemnul
Zin
The Shining One

Shops:
D:4 *

Annotations:
D:6 Maggie


Innate Abilities, Weirdness & Mutations

You are immune to sickness and miasma.
Your stone body is resilient. (AC +6)
You are immune to poison.
You resist negative energy. (rN+)
You are resistant to electric shocks. (rElec)
You are resistant to unholy torment.
You are immune to petrification.
You have sharp toenails.
Your body sometimes deteriorates upon taking damage.
Your muscles are strong. (Str +2)


Message History

The black bear misses you.
The black bear claws you but does no damage.
It was a potion of mutation.
You feel extremely strange.
You feel yourself wasting away.
You feel stronger.
Your toenails lengthen and sharpen.
Maggie hits you with a +2 war axe of flaming.
* * * LOW HITPOINT WARNING * * *
Maggie burns you.
The black bear bites you but does no damage.
The black bear claws you but does no damage.
The black bear claws you.
* * * LOW HITPOINT WARNING * * *
A red film seems to cover your vision as you go berserk!
You feel yourself moving faster!
You feel mighty! Maggie closely misses you. The black bear bites you.
* * * LOW HITPOINT WARNING * * *
The black bear claws you but does no damage.
The black bear claws you.
* * * LOW HITPOINT WARNING * * *
You barely miss Maggie.
Maggie is lightly wounded.
You hit the black bear. Maggie hits you but does no damage.
The black bear bites you but does no damage.
The black bear claws you but does no damage. x2
You hit Maggie. You claw Maggie!
Maggie is moderately wounded.
You closely miss the black bear. You slash Maggie!
Maggie is heavily wounded.
You slash the black bear!
Maggie hits you with a +2 war axe of flaming!
* * * LOW HITPOINT WARNING * * *
Maggie burns you.
* * * LOW HITPOINT WARNING * * *
The black bear goes berserk!
You barely miss Maggie. Your kick misses Maggie.
Maggie is heavily wounded.
You barely miss the black bear. The black bear closely misses you. x2
The black bear claws you.
You die...

.# . ...## ....# #....#
######..:..# #.........
#...#...# #...h@..#.##
#.#.@.#....#
##...(......#
#....#...#... #........#
. #.#..##### ... #
#...## #.#.. #
###.######.#.. #
########......##.##.####
#
#......................#


You could see Maggie and a black bear (berserk).

Vanquished Creatures
  A steam dragon (D:6)
  A water moccasin (D:6)
  A sky beast (D:5)
  A black bear (D:6)
  A phantom (D:5)
  A centaur (D:6)
  5 kobold brigands
  A bullfrog (D:4)
  2 scorpions
  A water moccasin zombie (D:6)
  A wyvern skeleton (D:6)
  A water moccasin skeleton (D:5)
  A bullfrog zombie (D:7)
  2 centaur zombies
  A jelly (D:6)
  An orc priest (D:3)
  A hound (D:5)
  A centaur skeleton (D:7)
  An iguana (D:4)
  2 hound zombies (D:5)
  8 adders
  3 gnolls (D:6)
  A howler monkey skeleton (D:7)
  2 ufetubi
  3 worms (Sewer)
  3 dart slugs
  11 orcs
  7 ball pythons
  8 endoplasms
  5 goblins
  4 hobgoblins
  9 jackals
  3 quokkas
  2 bats
  A frilled lizard (D:3)
  12 kobolds
  8 rats
117 creatures vanquished.

Vanquished Creatures (others)
  15 plants (D:4)
15 creatures vanquished.

Grand Total: 132 creatures vanquished

Notes
Turn   | Place    | Note
-------+----------+-------------------------------------------
     0 | D:1      | dracfodder the Gargoyle Berserker began the quest for the
                  | Orb.
     0 | D:1      | Reached XP level 1. HP: 14/14 MP: 1/1
   493 | D:1      | Reached skill level 3 in Axes
   493 | D:1      | Reached XP level 2. HP: 19/19 MP: 2/2
  1210 | D:3      | Reached XP level 3. HP: 23/23 MP: 3/3
  1212 | D:3      | Reached skill level 4 in Axes
  1214 | D:3      | Reached XP level 4. HP: 28/28 MP: 4/4
  1256 | D:3      | Found a glowing silver altar of Zin.
  1256 | D:3      | Found a white marble altar of Elyvilon.
  1264 | D:3      | Found a glowing golden altar of the Shining One.
  1469 | D:3      | Found an ancient bone altar of Kikubaaqudgha.
  1469 | D:3      | Found a burning altar of Makhleb.
  1545 | D:3      | Found a glowing drain.
  1561 | Sewer    | Entered a sewer
  1768 | Sewer    | Reached ** piety under Trog
  1977 | Sewer    | Reached XP level 5. HP: 33/33 MP: 5/5
  2052 | Sewer    | Noticed a kobold brigand
  2063 | Sewer    | Killed a kobold brigand
  2064 | Sewer    | Reached skill level 1 in Slings
  2116 | Sewer    | Noticed a kobold brigand
  2141 | Sewer    | Killed a kobold brigand
  2142 | Sewer    | Reached XP level 6. HP: 36/38 MP: 6/6
  2555 | Sewer    | Reached skill level 5 in Axes
  3180 | D:2      | Found a white marble altar of Elyvilon.
  3372 | D:3      | Reached XP level 7. HP: 42/44 MP: 7/7
  3801 | D:5      | Entered Level 5 of the Dungeon
  4293 | D:4      | Found Peol's Elemental Accessories.
  4316 | D:4      | Found a hide-covered altar of Uskayaw.
  5221 | D:5      | Reached skill level 6 in Axes
  5221 | D:5      | Reached XP level 8. HP: 27/48 MP: 8/8
  6167 | D:6      | Reached skill level 1 in Throwing
  6342 | D:6      | Reached skill level 5 in Fighting
  6342 | D:6      | Reached skill level 7 in Axes
  6471 | D:6      | Found a snail-covered altar of Cheibriados.
  6606 | D:6      | Reached skill level 5 in Armour
  6606 | D:6      | Reached XP level 9. HP: 28/54 MP: 6/9
  6607 | D:6      | Found a staircase to the Ecumenical Temple.
  6776 | D:7      | Reached *** piety under Trog
  6851 | Temple   | Entered the Ecumenical Temple
  7054 | D:6      | Found a radiant altar of Vehumet.
  7064 | D:6      | Noticed Maggie
  7082 | D:6      | Gained mutation: Your body sometimes deteriorates upon
                  | taking damage. [potion of mutation]
  7082 | D:6      | Gained mutation: Your muscles are strong. (Str +2) [potion
                  | of mutation]
  7082 | D:6      | Gained mutation: You have sharp toenails. [potion of
                  | mutation]
  7086 | D:6      | HP: 4/81 [Maggie (5)]
  7086 | D:6      | HP: 1/81 [Maggie (3)]
  7087 | D:6      | Slain by a black bear

Illustrated notes

Levels and vault maps discovered:
D:1:      ncdulo_wetmaze, layout_basic, grunt_decor_mini_mirrors
D:2:      layout_loops_ring, basic_altar, hangedman_decor_opposing,
          eino_tiny_chamber
D:3:      layout_basic, good_gods_mini_temple, mainiacjoe_overflow_divided_tiny,
          portal_sewer_entry_d, minmay_misc_feat_more_columns
D:4:      layout_rooms, nicolae_uskayaw_suspiria, serial_bayou,
          serial_bayou_crossing, serial_bayou_shore_a, serial_bayou_shore_b,
          serial_bayou_lagoon_a, serial_bayou_pond_e, nicolae_elemental_shop
D:5:      layout_basic, nicolae_underground_beach
D:6:      layout_basic, mainiacjoe_overflow_catwalk, vehumet_altar_wand_db,
          temple_pool_b, kennysheep_generic_room_8, uniq_maggie
D:7:      layout_loops_ring, nicolae_qazlal_scattered_showers, serial_glass,
          glass_columns_b, glass_columns_b, grunt_ministairs_10,
          dk_noncrumbling_4
Temple:   chequers_temple_sunken

Skill      XL: |  1  2  3  4  5  6  7  8 |
---------------+-------------------------+-----
Axes           | 3 4 5 6 7 |  7.7
Fighting       | 4 5 |  5.3
Slings         | 2 3 |  3.4
Armour         | 4 5 |  5.0
Dodging        | 2 3 |  3.1
Throwing       | 1 |  1.3
Stealth        | |  0.6
Evocations     | |  0.1

Action                   |  1- 3 |  4- 6 |  7- 9 || total
-------------------------+-------+-------+-------++-------
Melee: Hand axe          |    56 |   155 |   303 ||   514
       Punch             |       |     1 |     3 ||     4
       Kick              |       |       |     1 ||     1
 Fire: Hunting sling     |     1 |    78 |    22 ||   101
Throw: Dart              |     4 |     6 |    10 ||    20
Invok: Berserk           |     1 |     2 |     3 ||     6
       Trog's Hand       |       |       |     3 ||     3
Evoke: Wand              |       |       |     8 ||     8
  Use: Scroll            |     1 |     6 |     6 ||    13
       Potion            |     1 |       |     4 ||     5
Armor: Animal skin       |    25 |       |       ||    25
       Scale mail        |     6 |    77 |   174 ||   257
Dodge: Dodged            |    36 |    74 |   156 ||   266

Table legend: (Time is in decaauts)
 A = Elapsed time spent in this place.
 B = Non-inter-level travel time spent in this place.
 C = Inter-level travel time spent in this place.
 D = Time resting spent in this place.
 E = Time spent auto-exploring this place.
 F = Levels seen in this place.
 G = Mean time per level.
                   A        B        C        D        E       F      G
               +--------+--------+--------+--------+--------+-----+--------+
         Total |   7476 |   7101 |    375 |   1149 |   3930 |   9 |  830.7 |
       Dungeon |   5765 |   5420 |    345 |    767 |   3288 |   7 |  823.6 |
        Temple |    230 |    200 |     30 |      0 |    193 |   1 |  230.0 |
         Sewer |   1481 |   1481 |      0 |    382 |    448 |   1 | 1481.0 |
               +--------+--------+--------+--------+--------+-----+--------+

Top non-repeatable levels by time:
   Sewer: 1481 daAuts
     D:5: 1274 daAuts
     D:4: 1137 daAuts
     D:1: 1044 daAuts
     D:6: 862 daAuts
     D:3: 795 daAuts
     D:2: 605 daAuts
  Temple: 230 daAuts
     D:7: 45 daAuts
